 Dungeon Crawl Stone Soup version 0.30-a0-728-gc68057be0a (webtiles) character file.

Game seed: 8119490916842205430

191 jimonade the Sneak (level 5, -2/26 HPs)
             Began as a Vine Stalker Brigand on Jan 30, 2023.
             Splashed by a jelly's acid (9 damage)
             ... on level 3 of the Dungeon.
             The game lasted 00:04:22 (1548 turns).

jimonade the Sneak (Vine Stalker Brigand)           Turns: 1548, Time: 00:04:23

Health: -2/26      AC:  3    Str: 13    XL:     5   Next: 70%
Magic:  0/6        EV: 12    Int: 11    God:
Gold:   151        SH:  0    Dex: 18    Spells: 4/4 levels left

rFire   . . .      SeeInvis .    a - +2 dagger
rCold   . . .      Faith    .    (no shield)
rNeg    . . .      Spirit   +    b - +0 robe
rPois   .          Reflect  .    (no helmet)
rElec   .          Harm     .    c - +0 cloak
rCorr   .          Rampage  .    (no gloves)
Will    .....                    (no boots)
Stlth   ++++                     (no amulet)
HPRegen 1.04/turn                k - +4 ring of protection
MPRegen 0.10/turn                (no ring)

@: corroded
A: fangs 2, regeneration 1, magic shield, antimagic bite, no potion heal 2
a: no special abilities


You were on level 3 of the Dungeon.
You visited 1 branch of the dungeon, and saw 3 of its levels.

You collected 151 gold pieces.

Inventory:

Hand Weapons
 a - a +2 dagger (weapon)
Missiles
 d - 13 poisoned darts (quivered)
 e - 2 curare-tipped darts
 m - 35 stones
Armour
 b - a +0 robe (worn)
 c - a +0 cloak (worn)
Jewellery
 k - a +4 ring of protection (left hand)
 p - a ring of fire
 s - a +6 ring of strength
Wands
 u - a wand of roots (5)
Scrolls
 f - a scroll of fear {unknown}
 h - 2 scrolls of identify {unknown}
 i - 3 scrolls of teleportation {unknown}
 l - 2 scrolls of immolation {unknown}
 n - a scroll of enchant weapon {unknown}
 q - a scroll of silence {unknown}
Potions
 g - a potion of degeneration {unknown}
 j - 2 potions of haste {unknown}
 o - a potion of might {unknown}
 r - a potion of lignification {unknown}
 t - 2 potions of brilliance {unknown}
 v - a potion of resistance {unknown}
 w - a potion of heal wounds {unknown}


   Skills:
 + Level 2.1 Fighting
 * Level 3.4 Short Blades
 + Level 2.0 Throwing
 + Level 1.5 Dodging
 + Level 6.5 Stealth


You had 4 spell levels left.
You didn't know any spells.
Your spell library contained the following spells:

 Spells                   Type           Power      Damage    Failure   Level
 Magic Dart               Conj           0%         1d3       34%         1
 Call Imp                 Summ           0%         N/A       47%         2
 Ensorcelled Hibernation  Hex/Ice        0%         N/A       47%         2
 Mephitic Cloud           Conj/Pois/Air  0%         N/A       71%         3
 Spider Form              Tmut/Pois      0%         N/A       71%         3
 Anguish                  Hex/Necr       0%         N/A       98%         4


Dungeon Overview and Level Annotations

Branches:
Dungeon (3/15)

Altars:


Innate Abilities, Weirdness & Mutations

You have extremely sharp teeth.
Your natural rate of healing is unusually fast.
When hurt, damage is shared between your health and your magic reserves.
Your bite disrupts and absorbs the magic of your enemies.
Potions cannot restore your health.


Message History

You hit Terence. Your bite misses Terence.
Terence is heavily wounded.
Terence hits you but does no damage.
You hit Terence but do no damage. You bite Terence, but do no damage.
Terence is heavily wounded.
You hit Terence. Your bite misses Terence.
Terence is severely wounded.
Terence completely misses you.
An adder comes into view.
The adder hisses angrily.
You hit Terence but do no damage. You bite Terence, but do no damage.
Terence is severely wounded.
You hit Terence but do no damage. You bite Terence. You drain his power.
Terence is almost dead.
Terence hits you with a +0 morningstar!
You closely miss Terence.
Terence is almost dead.
You hit Terence but do no damage. Your bite misses Terence.
Terence is almost dead.
You kill Terence!
You hit the jelly.
Your hands burn!
You bite the jelly. You drain its power.
You feel invigorated.
The jelly is heavily wounded.
The jelly barely misses you.
You hit the jelly but do no damage. The acid corrodes you!
Your hands burn!
The jelly is heavily wounded.
The jelly hits you.
You are splashed with acid!
You hit the jelly but do no damage.
Your hands burn!
* * * LOW HITPOINT WARNING * * *
You bite the jelly. You drain its power.
You feel invigorated.
The jelly is heavily wounded.
The jelly hits you but does no damage.
You hit the jelly.
Your hands burn!
* * * LOW HITPOINT WARNING * * *
You bite the jelly. You drain its power.
You feel invigorated.
The jelly is severely wounded.
The jelly hits you.
* * * LOW HITPOINT WARNING * * *
You are splashed with acid!
You die...

##.....##.###
########.###..##.#
#........# #...#.#
#.######.###..##.# ..#
##........# #.#
####.##### # #.# #.#
##.##.##.# ##+##
#....SJ@.# ##...##
#..#.###.# ##.....##
..#.#.#.# ##.......##
........###.........###
...#......'.........'..
#......###.........###
##.#.#.# ##.......##
#.###.# ##.....## . ..#
##...##


You could see a jelly and an adder.

Vanquished Creatures
  Jessica (D:2)
  Terence (D:3)
  Natasha (thrice) (D:2)
  Robin (D:3)
  A dart slug (D:2)
  A ball python (D:1)
  8 bats
  4 endoplasms
  A giant cockroach (D:3)
  12 goblins
  3 hobgoblins
  3 jackals (D:2)
  4 quokkas
  2 frilled lizards
  4 kobolds
  4 rats
53 creatures vanquished.

Notes
Turn   | Place    | Note
-------+----------+-------------------------------------------
     0 | D:1      | jimonade the Vine Stalker Brigand began the quest for the
                  | Orb.
     0 | D:1      | Reached XP level 1. HP: 11/11 MP: 2/2
    32 | D:1      | Reached skill level 5 in Stealth
   133 | D:1      | Reached XP level 2. HP: 7/15 MP: 1/3
   763 | D:2      | Reached XP level 3. HP: 18/18 MP: 4/4
   766 | D:2      | Noticed Jessica
   777 | D:2      | Killed Jessica
   778 | D:2      | Reached skill level 1 in Dodging
   828 | D:2      | Noticed Natasha
   863 | D:2      | Killed Natasha
   864 | D:2      | Reached skill level 6 in Stealth
   864 | D:2      | Gained mutation: Your natural rate of healing is unusually
                  | fast. [Vine Stalker growth]
   864 | D:2      | Reached XP level 4. HP: 3/23 MP: 2/5
   922 | D:2      | Noticed Natasha
   931 | D:2      | Killed Natasha
   979 | D:2      | Noticed Natasha
   994 | D:2      | Killed Natasha
   995 | D:2      | Reached XP level 5. HP: 9/26 MP: 2/6
  1209 | D:3      | Noticed Robin
  1272 | D:3      | Killed Robin
  1535 | D:3      | Noticed Terence
  1544 | D:3      | Killed Terence
  1548 | D:3      | Splashed by a jelly's acid

Illustrated notes

Levels and vault maps discovered:
D:1:      minmay_arrival_radiant_lines, layout_basic
D:2:      layout_rooms, uniq_natasha, uniq_jessica
D:3:      layout_loops_corners, minitemple, serial_shops, shop, uniq_terence,
          uniq_crazy_yiuf_cottage, uniq_robin

Skill      XL: |  1  2  3  4 |
---------------+-------------+-----
Stealth        | 5 6 |  6.5
Short Blades   | 2 3 |  3.4
Throwing       | 2 |  2.0
Dodging        | 1 |  1.5
Fighting       | 2 |  2.1

Action                     |  1- 3 |  4- 6 || total
---------------------------+-------+-------++-------
  Melee: Dagger            |    82 |    81 ||   163
         Bite              |    23 |    29 ||    52
         Punch             |     2 |     2 ||     4
  Throw: Dart              |       |     1 ||     1
   Stab: Sleeping          |     4 |     5 ||     9
 Armour: Robe              |    26 |    45 ||    71
  Dodge: Dodged            |    67 |    54 ||   121

Table legend: (Time is in decaauts)
 A = Elapsed time spent in this place.
 B = Non-inter-level travel time spent in this place.
 C = Inter-level travel time spent in this place.
 D = Time resting spent in this place.
 E = Time spent auto-exploring this place.
 F = Levels seen in this place.
 G = Mean time per level.
                   A        B        C        D        E       F      G
               +--------+--------+--------+--------+--------+-----+--------+
         Total |   1536 |   1446 |     90 |      7 |   1030 |   3 |  512.0 |
       Dungeon |   1536 |   1446 |     90 |      7 |   1030 |   3 |  512.0 |
               +--------+--------+--------+--------+--------+-----+--------+

Top non-repeatable levels by time:
     D:1: 713 daAuts
     D:2: 516 daAuts
     D:3: 306 daAuts
